Map: Ultralove

Players

CHAM

  • Race: Terran Terran
  • League: Bronze
  • Spawn Location: 1:00

iPlayDefense - Winner!

  • Race: Terran Terran
  • League: Silver
  • Spawn Location: 7:00

VOD

Have the link to the VOD?

Description

Time

  • Played on: April 17, 2025, 2:53 p.m.
  • Length: 19:02
Show
View Real Time Build Order
Export as new Build Order

CHAM Terran 

Build Orders: Gas First Reaper Expand 

Get SALT Encoding   

  12  0:04  SCV  
  13  0:20  Supply Depot  
  13  0:24  Refinery  
  13  0:38  SCV  
  14  0:48  Barracks  
  14  0:50  SCV  
  15  1:03  SCV  
  16  1:15  SCV  
  17  1:36  Orbital Command  
  17  1:41  Factory  
  17  1:50  Reaper  
  18  2:06  SCV  
  19  2:28  Supply Depot, Command Center  
  19  3:20  Factory Tech Lab  
  19  3:31  Marine  
  19  3:32  Starport  
  21  3:41  SCV  
  21  3:46  Orbital Command  
  21  3:48  Marine  
  21  3:53  SCV  
  23  4:04  Siege Tank  
  23  4:05  SCV, Bunker  
  23  4:06  Marine  
  28  4:10  Starport Tech Lab, Engineering Bay  
  28  4:21  Refinery  
  28  4:24  Marine  
  28  4:29  Fusion Core  
  28  4:30  SCV  
  30  4:36  SCV  
  31  4:42  SCV, Missile Turret  
  32  4:48  SCV  
  33  4:54  SCV  
  34  5:00  SCV  
  34  5:01  Missile Turret  
  34  5:05  Siege Tank, Missile Turret  
  34  5:06  SCV  
  39  5:13  SCV  
  40  5:22  Missile Turret  
  40  5:45  Missile Turret  
  39  5:53  SCV  
  40  5:59  Widow Mine  
  42  6:05  SCV  
  42  6:07  Refinery  
  43  6:12  Supply Depot  
  43  6:18  Marine  
  43  6:20  Widow Mine  
  46  6:35  Supply Depot  
  46  6:36  Marine  
  46  6:37  Battlecruiser  
  53  6:54  Marine  
  53  6:57  Widow Mine  
  53  6:58  Supply Depot, SCV  
  57  7:08  Refinery  
  57  7:25  Starport  
  57  7:41  SCV  
  58  7:51  Battlecruiser  
  64  7:53  SCV  
  65  8:21  Command Center  
  65  8:26  Starport Tech Lab  
  51  9:28  Command Center  
  51  9:46  Battlecruiser x2  
  26  10:52  SCV  
  27  11:04  SCV  
  27  11:05  Orbital Command  
  28  11:16  SCV  
  29  11:29  SCV  
  30  11:41  SCV  
  31  11:53  Orbital Command  
  31  12:16  SCV  
  31  12:20  Marine  
  33  12:28  SCV  
  34  12:38  Marine  
  34  12:40  SCV  
  34  12:43  SCV  
  37  12:53  SCV  
  37  12:55  SCV  
  37  12:56  Marine  
  40  13:05  SCV  
  41  13:07  SCV, Battlecruiser x2  
  54  13:14  Marine  
  54  13:19  SCV  
  56  13:31  SCV  
  56  13:32  Marine  
  58  13:49  Marine  
  53  14:07  Marine  
  54  14:24  Armory  
  54  14:25  Marine  
  54  14:30  SCV  
  56  14:42  SCV  
  56  14:43  Marine  
  58  14:49  Battlecruiser  
  64  14:54  SCV  
  65  15:01  Marine  
  65  15:06  SCV  
  67  15:13  Armory  
  67  15:18  SCV  
  67  15:19  Marine  
  69  15:23  Refinery  
  69  15:28  Refinery  
  29  17:05  Supply Depot  
  29  17:32  Barracks  
  29  17:38  Supply Depot  
  29  17:43  Supply Depot  
  29  18:22  Barracks Reactor  
  29  18:24  Barracks  
Show
View Real Time Build Order
Export as new Build Order

iPlayDefense Terran - Winner!

Build Orders:  

Get SALT Encoding   

  12  0:03  SCV  
  13  0:19  Supply Depot  
  13  0:20  SCV  
  14  0:25  Refinery  
  14  0:32  SCV  
  15  0:44  SCV  
  16  0:52  Barracks  
  16  0:56  SCV  
  17  1:08  SCV  
  18  1:20  SCV  
  19  1:40  Orbital Command, Barracks Reactor  
  19  1:52  Command Center  
  19  1:57  Supply Depot  
  19  2:07  Refinery  
  19  2:11  SCV  
  20  2:21  Marine x2  
  22  2:23  SCV  
  23  2:39  Marine x2  
  23  2:40  SCV  
  26  2:51  Barracks  
  26  2:52  SCV  
  26  2:54  Barracks  
  26  3:11  Marine x2  
  28  3:14  Orbital Command  
  28  3:19  SCV  
  29  3:29  Marine x2  
  29  3:31  SCV  
  32  3:43  SCV  
  33  3:53  Factory  
  33  3:54  Engineering Bay  
  33  3:55  Barracks Tech Lab, SCV  
  34  3:56  Barracks Tech Lab  
  34  3:59  SCV  
  34  4:00  Marine  
  34  4:01  Marine  
  37  4:07  SCV  
  38  4:11  Supply Depot  
  38  4:12  SCV  
  38  4:14  Supply Depot  
  39  4:18  Marine  
  39  4:19  SCV  
  39  4:20  Marine  
  39  4:24  SCV  
  43  4:31  SCV  
  43  4:36  SCV  
  45  4:41  Starport, Factory Tech Lab  
  45  4:43  SCV  
  46  4:49  SCV, Marine  
  46  4:50  Marine x3  
  51  4:56  SCV  
  52  5:01  Combat Shield, SCV  
  52  5:02  Stimpack  
  52  5:06  Supply Depot  
  53  5:07  Marine  
  53  5:08  Supply Depot, SCV, Marine  
  59  5:14  Siege Tank  
  59  5:18  Starport Reactor  
  59  5:31  Refinery  
  59  5:34  Refinery  
  57  5:46  Siege Tank  
  57  5:48  Barracks  
  57  5:49  Barracks  
  60  6:00  Bunker x2  
  60  6:11  Supply Depot, Bunker  
  60  6:13  Terran Infantry Armor Level 1  
  60  6:15  Supply Depot  
  60  6:28  SCV x2  
  60  6:29  Marine x2  
  60  6:30  Marine x2  
  60  6:32  Siege Tank  
  69  6:40  SCV x2  
  69  6:47  Supply Depot, Marine x2  
  71  6:49  Supply Depot  
  71  6:50  Barracks Reactor x2  
  73  6:58  Medivac  
  73  6:59  Medivac  
  77  7:04  Siege Tank  
  80  7:18  SCV x2, Marine x2  
  80  7:19  Marine x2  
  86  7:30  SCV x2  
  86  7:36  Siege Tank, Marine x2  
  97  8:03  SCV x2  
  97  8:04  Marine x3  
  97  8:05  Marine x5  
  101  8:07  Terran Infantry Weapons Level 1, Medivac  
  101  8:08  Siege Tank, Medivac  
  110  8:59  SCV  
  110  9:02  SCV  
  102  9:29  Marine x4  
  102  9:30  Marine x4, Command Center  
  110  9:38  Supply Depot  
  110  9:41  Supply Depot  
  110  9:43  Medivac  
  110  9:45  Medivac  
  110  9:48  Siege Tank  
  91  10:01  Supply Depot  
  91  10:05  Supply Depot  
  85  10:13  Medivac  
  81  10:15  Medivac  
  81  10:20  Siege Tank  
  69  10:48  Marine  
  69  10:49  Marine x7  
  75  10:52  Siege Tank  
  78  11:06  Marine  
  78  11:07  Marine x7  
  78  11:08  Factory  
  86  11:13  SCV  
  86  11:14  SCV  
  88  11:19  Medivac x2  
  88  11:24  Siege Tank, Marine  
  88  11:25  Marine x7  
  103  11:26  SCV x2  
  103  11:32  Orbital Command  
  105  11:38  SCV x2  
  107  11:42  Marine x4  
  107  11:43  Marine x4  
  115  11:49  Medivac  
  115  11:53  Factory  
  117  12:00  Marine x2  
  119  12:12  SCV  
  119  12:13  SCV  
  119  12:14  Marine x3  
  119  12:15  Marine x3  
  127  12:17  Siege Tank  
  127  12:18  Marine x2  
  127  12:20  Viking  
  127  12:21  Viking  
  136  12:24  SCV  
  136  12:25  SCV  
  138  12:30  SCV  
  138  12:37  SCV  
  140  12:49  Siege Tank  
  140  12:50  Viking  
  140  12:51  Viking  
  147  13:12  Factory Tech Lab x2  
  147  13:18  Supply Depot  
  147  13:20  Viking x2  
  147  13:24  SCV x3  
  154  13:27  Marine  
  154  13:28  Marine x2  
  157  13:39  Siege Tank x2, Marine x2  
  165  13:41  Supply Depot  
  165  13:42  Marine  
  165  13:44  SCV, Marine  
  165  13:45  Armory  
  165  13:46  SCV x2  
  165  13:47  Supply Depot  
  165  13:48  Marine  
  165  13:50  Viking  
  165  13:52  Siege Tank  
  159  14:05  Supply Depot  
  159  14:28  Supply Depot  
  159  15:07  Marine  
  159  15:08  Marine x7  
  159  15:11  Thor x2  
  179  15:25  Marine x5  
  179  15:26  Marine x3  
  179  15:43  Marine x8  
  152  16:00  Marine  
  152  16:01  Marine x7  
  127  16:19  Marine x2  
  112  16:47  Marine x8  
  99  17:04  Marine  
  99  17:05  Marine x7  
  98  17:22  Marine  
  98  17:23  Marine x7  
  106  17:30  SCV x3  
  109  17:40  Marine  
  109  17:41  Marine x7  
  109  17:42  SCV x2  
Tags
 
Matchup
TvT
Race
Terran
Replay Pack
DaveSC2
Spawn Locations
Cross Positions
Add a new tag
Caveats
  • Supply blocks, unpowered buildings, or Contaminate may cause inaccurate times.
  • Supply counts are checked every 10 seconds.